 Dungeon Crawl Stone Soup version 0.31-a0-4-gefa6de2278 (webtiles) character file.

Game seed: 8524319650090702427

2101 BigDaddyOpFi the Protected (level 9, -8/87 HPs)
             Began as an Armataur Fighter on May 2, 2023.
             Was an Initiate of Qazlal.
             Mangled by a shadow (31 damage)
             ... on level 9 of the Dungeon on May 3, 2023.
             The game lasted 00:09:25 (6872 turns).

BigDaddyOpFi the Protected (Armataur Fighter)       Turns: 6872, Time: 00:09:26

Health: -8/87      AC: 15    Str: 22 (24) XL:     9   Next: 7%
Magic:  18/18      EV:  6    Int:  7 (8)  God:    Qazlal [......]
Gold:   360        SH:  8    Dex: 14      Spells: 8/8 levels left

rFire   . . .        a - +2 war axe
rCold   . . .        e - +2 buckler
rNeg    . . .        l - +0 chain mail
rPois   .            m - +1 hat
rElec   .            h - +2 cloak
rCorr   .            d - +0 pair of gloves
SInv    .            (no barding)
Will    .....        (no amulet) Stlth
                     f - ring of magical power
HPRegen 0.34/turn    (no ring)
MPRegen 0.16/turn

%: roll
@: no status effects
A: large, rugged brown scales 3, deformed body, armoured tail, roll, long
tongue, awkward tongue, antennae 1, agile 1, robust 1
a: Renounce Religion


You were on level 9 of the Dungeon.
You worshipped Qazlal.
Qazlal was noncommittal.
You visited 2 branches of the dungeon, and saw 10 of its levels.

You collected 360 gold pieces.

Inventory:

Hand Weapons
 a - a +2 war axe (weapon)
Armour
 d - a +0 pair of gloves (worn)
 e - a +2 buckler (worn)
 h - a +2 cloak (worn)
 l - a +0 chain mail (worn)
 m - a +1 hat (worn)
Jewellery
 f - a ring of magical power (left hand)
 r - a ring of protection from cold
Scrolls
 b - 2 scrolls of immolation
 c - a scroll of torment {unknown}
 g - 2 scrolls of blinking
 n - 2 scrolls of magic mapping
 p - 2 scrolls of identify
 s - a scroll of amnesia
Potions
 i - a potion of cancellation {unknown}
 j - 2 potions of lignification
 k - a potion of invisibility {unknown}
 o - 3 potions of heal wounds
 q - a potion of flight {unknown}


   Skills:
 + Level 6.0 Fighting
 + Level 5.2 Axes
 + Level 8.0 Armour
 + Level 7.3 Shields
 * Level 0.0 Invocations


You had 8 spell levels left.
You didn't know any spells.
Your spell library contained the following spells:

 Spells                   Type           Power      Damage    Failure   Level
 Apportation              Tloc           0%         N/A       96%         1
 Freeze                   Ice            0%         1d3       96%         1
 Necrotise                Necr           0%         1d4       96%         1
 Summon Small Mammal      Summ           0%         N/A       96%         1
 Ensorcelled Hibernation  Hex/Ice        0%         N/A       99%         2
 Frozen Ramparts          Ice            0%         1d1       100%        3
 Hailstorm                Conj/Ice       0%         3d3       100%        3
 Spider Form              Tmut/Pois      0%         N/A       100%        3
 Anguish                  Hex/Necr       0%         N/A       100%        4


Dungeon Overview and Level Annotations

Branches:
Dungeon (9/15)             Temple (1/1) D:7            Lair (0/5) D:8
    Orc: D:9-12

Altars:
Elyvilon
Fedhas
Hepliaklqana
Nemelex Xobeh
Okawaru
Qazlal
Sif Muna
Uskayaw
Xom
Yredelemnul
The Shining One


Innate Abilities, Weirdness & Mutations

You are completely covered in rugged brown scales. (AC +3, +7% HP)
Armour fits poorly on your strangely shaped body.
You have a long armoured tail.
You roll when moving toward enemies. (Rampage)
Your long tongue fully drains potion bottles. (2x potion effects)
Your tongue gives you trouble enunciating. (1.5x scroll delay)
You have a pair of small antennae on your head.
You are agile. (Dex +4, Str/Int -1)
You are robust. (+10% HP)


Message History

You roll towards the shadow!
You roll towards the shadow!
The shadow slips into darkness.
The shadow flickers and vanishes!
Deactivating autopickup; reactivate with Ctrl-A.
No target in view!
No target in view!
No target in view!
You slash something!
The shadow strikes at you from the darkness!
Reactivating autopickup.
You slash the shadow!
The shadow is almost destroyed.
The shadow slips into darkness.
The shadow flickers and vanishes!
Deactivating autopickup; reactivate with Ctrl-A.
You barely miss something.
The shadow strikes at you from the darkness!
Reactivating autopickup.
The shadow slips into darkness.
The shadow flickers and vanishes!
Deactivating autopickup; reactivate with Ctrl-A.
You miss something.
The shadow strikes at you from the darkness!
* * * LOW HITPOINT WARNING * * *
Reactivating autopickup.
You completely miss the shadow.
The shadow is severely damaged.
You block the shadow's attack.
You hit the shadow but do no damage.
The shadow is severely damaged.
You block the shadow's attack.
You closely miss the shadow.
The shadow is severely damaged.
The shadow slips into darkness.
The shadow flickers and vanishes!
Deactivating autopickup; reactivate with Ctrl-A.
You hit something but do no damage.
The shadow strikes at you from the darkness!
You die...

#############
............#
......#####.#
......# #.#
......# #.#
...^..#
#.#########
......#
##.##......#
......#
#...#.?....#...
......#
#...'..@{......
......#
#...#......#...
......#
#...########
......# #...#
...<..# #...#
......# #....
####### ###..
#..


There were no monsters in sight!

Vanquished Creatures
  Grinder (D:3)
  3 yaks (D:7)
  Eustachio (D:4)
  Edmund (D:4)
  An acid dragon (D:8)
  2 water moccasins
  A sky beast (D:7)
  A scorpion (D:5)
  2 bullfrogs (D:7)
  A howler monkey (D:4)
  A quasit (D:7)
  A hound (D:6)
  3 jellies
  An orc priest (D:6)
  2 iguanas
  2 orc wizards (D:5)
  7 gnolls
  2 adders
  3 shadow imps (D:7)
  5 white imps
  2 ufetubi (D:7)
  3 worms
  3 dart slugs
  26 orcs
  13 endoplasms
  10 giant cockroaches
  8 goblins
  6 hobgoblins
  11 jackals
  6 kobolds
  2 quokkas (D:1)
  4 ball pythons
  7 bats
  6 frilled lizards
  9 rats
157 creatures vanquished.

Vanquished Creatures (others)
  A demonic plant (D:7)
1 creature vanquished.

Grand Total: 158 creatures vanquished

Notes
Turn   | Place    | Note
-------+----------+-------------------------------------------
     0 | D:1      | BigDaddyOpFi the Armataur Fighter began the quest for the
                  | Orb.
     0 | D:1      | Reached XP level 1. HP: 19/19 MP: 1/1
     1 | D:1      | Found a runed translucent door.
     3 | D:1      | Noticed a jelly
   127 | D:1      | Reached XP level 2. HP: 26/26 MP: 2/2
   219 | D:1      | Reached skill level 4 in Armour
   311 | D:1      | Reached XP level 3. HP: 29/33 MP: 3/3
  1010 | D:1      | Reached XP level 4. HP: 23/40 MP: 4/4
  1025 | D:1      | HP: 2/40 [worm (3)]
  1324 | D:2      | Reached XP level 5. HP: 36/48 MP: 5/5
  1475 | D:2      | You fall into a shaft and drop 2 floors!
  1483 | D:4      | Found an iron altar of Okawaru.
  1723 | D:3      | Noticed Grinder
  1731 | D:3      | Paralysed by Grinder for 2 turns
  1741 | D:3      | Paralysed by Grinder for 5 turns
  1754 | D:3      | Killed Grinder
  1755 | D:3      | Reached skill level 5 in Armour
  1755 | D:3      | Reached XP level 6. HP: 55/55 MP: 6/6
  2652 | D:4      | Noticed Eustachio
  2683 | D:4      | Killed Eustachio
  2684 | D:4      | Reached skill level 5 in Shields
  2684 | D:4      | Reached XP level 7. HP: 16/63 MP: 7/7
  3067 | D:4      | Noticed Edmund
  3101 | D:4      | Killed Edmund
  3283 | D:4      | Reached skill level 6 in Armour
  3714 | D:5      | Entered Level 5 of the Dungeon
  3906 | D:5      | Gained mutation: You are agile. (Dex +4, Str/Int -1)
                  | [potion of mutation]
  3906 | D:5      | Gained mutation: You are robust. (+10% HP) [potion of
                  | mutation]
  3906 | D:5      | Gained mutation: You have a pair of small antennae on your
                  | head. [potion of mutation]
  3934 | D:5      | Noticed a vampire
  4515 | D:6      | Noticed a hornet
  4519 | D:6      | Upgraded the game from 0.31-a0-1-g4198be8af4 to
                  | 0.31-a0-4-gefa6de2278
  4720 | D:6      | Paralysed by a hornet for 2 turns
  5046 | D:7      | Found a sparkling altar of Nemelex Xobeh.
  5107 | D:6      | Found a hazy altar of Hepliaklqana.
  5275 | D:5      | Reached XP level 8. HP: 74/78 MP: 8/8
  5310 | D:7      | Found a staircase to the Ecumenical Temple.
  5350 | D:7      | Reached skill level 5 in Fighting
  5367 | D:7      | Found a glowing golden altar of the Shining One.
  5373 | D:7      | Found a white marble altar of Elyvilon.
  5377 | D:7      | Found a shimmering blue altar of Sif Muna.
  5443 | D:7      | Found a hide-covered altar of Uskayaw.
  5469 | D:7      | Reached skill level 7 in Armour
  5833 | D:7      | Reached skill level 5 in Axes
  6235 | D:8      | Reached XP level 9. HP: 85/87 MP: 9/9
  6335 | D:8      | Reached skill level 8 in Armour
  6616 | D:8      | Found a staircase to the Lair.
  6752 | Temple   | Entered the Ecumenical Temple
  6758 | Temple   | Became a worshipper of Qazlal Stormbringer
  6872 | D:9      | Mangled by a shadow

Illustrated notes

Levels and vault maps discovered:
D:1:      dpeg_arrival_caged_fury, layout_basic
D:2:      layout_rooms
D:3:      layout_rooms, uniq_grinder
D:4:      layout_loops_ring, mainiacjoe_overflow_alcove_4, uniq_edmund,
          uniq_eustachio
D:5:      layout_basic
D:6:      layout_loops_ring, kennysheep_mini, serial_shops,
          nicolae_shop_waterfront
D:7:      layout_cave_pools, nicolae_overflow_hidden_temple,
          mainiacjoe_overflow_surrounded_room,
          mainiacjoe_overflow_catch_the_wave, minmay_temple_entry_purple_smoke,
          serial_demonic, serial_demonic_a, serial_demonic_g, serial_demonic_d,
          serial_demonic_f
D:8:      layout_rooms, lair_entry_dummy, chequers_serial_rivers_large_a
D:9:      layout_basic, onia_ninara_cookie
Temple:   eino_wide_crystal_templ

Skill      XL: |  1  2  3  4  5  6  7  8  9 |
---------------+----------------------------+-----
Armour         | 4 5 6 7 8 |  8.0
Fighting       | 3 4 5 6 |  6.0
Axes           | 2 3 4 5 |  5.2
Shields        | 4 5 6 7 |  7.3

Action                     |  1- 3 |  4- 6 |  7- 9 || total
---------------------------+-------+-------+-------++-------
  Melee: War axe           |    91 |   145 |   265 ||   501
         Tailslap          |     6 |    10 |    41 ||    57
    Use: Scroll            |     4 |     6 |     6 ||    16
         Potion            |       |     4 |    10 ||    14
 Armour: Scale mail        |    42 |       |       ||    42
         Chain mail        |    31 |   119 |   195 ||   345
         Skin              |       |    13 |    21 ||    34
  Dodge: Dodged            |    54 |    50 |    82 ||   186
  Block: Buckler           |    32 |    65 |   120 ||   217

Table legend: (Time is in decaauts)
 A = Elapsed time spent in this place.
 B = Non-inter-level travel time spent in this place.
 C = Inter-level travel time spent in this place.
 D = Time resting spent in this place.
 E = Time spent auto-exploring this place.
 F = Levels seen in this place.
 G = Mean time per level.
                   A        B        C        D        E       F      G
               +--------+--------+--------+--------+--------+-----+--------+
         Total |   7060 |   6655 |    405 |   1989 |   3054 |  10 |  706.0 |
       Dungeon |   7047 |   6643 |    404 |   1989 |   3054 |   9 |  783.0 |
        Temple |     12 |     12 |      0 |      0 |      0 |   1 |   12.0 |
               +--------+--------+--------+--------+--------+-----+--------+

Top non-repeatable levels by time:
     D:7: 1386 daAuts
     D:1: 1350 daAuts
     D:4: 1237 daAuts
     D:6: 732 daAuts
     D:2: 717 daAuts
     D:3: 525 daAuts
     D:8: 515 daAuts
     D:5: 508 daAuts
     D:9: 73 daAuts
  Temple: 12 daAuts
